 Dungeon Crawl Stone Soup version 0.24.0-1-gfbc8707 (webtiles) character file.

Game seed: 6502118658343394365, levelgen mode: deterministic

3303 dingleboss the Cleaver (level 9, 0/74 HPs)
             Began as a Deep Dwarf Fighter on Oct 27, 2019.
             Was a Believer of Makhleb.
             Slain by a komodo dragon (29 damage)
             ... on level 8 of the Dungeon.
             The game lasted 00:30:25 (6734 turns).

dingleboss the Cleaver (Deep Dwarf Fighter)         Turns: 6734, Time: 00:30:25

Health: 0/74       AC:  9    Str: 27    XL:     9   Next: 70%
Magic:  8/8        EV:  7    Int: 10    God:    Makhleb [**....]
Gold:   331        SH: 13    Dex: 12    Spells: 8/8 levels left

rFire    . . .     SeeInvis .   a - +1 war axe
rCold    . . .     Gourm    .   c - +1 shield
rNeg     . . .     Faith    .   r - +0 chain mail
rPois    .         Spirit   .   (no helmet)
rElec    .         Reflect  .   l - scarf {repulsion}
rCorr    .         Harm     .   (no gloves)
MR       ++...                  (no boots)
Stlth    ..........             (no amulet)
HPRegen  0.00/turn              M - ring of protection from magic
MPRegen  0.11/turn              (no ring)

@: mighty, non-regenerating, repel missiles
A: damage resistance, heal wounds, sense surroundings 2, no regeneration
a: Heal Wounds, Minor Destruction, Renounce Religion


You were on level 8 of the Dungeon.
You worshipped Makhleb.
Makhleb was pleased with you.
You were not hungry.

You visited 1 branch of the dungeon, and saw 9 of its levels.

You collected 331 gold pieces.


Innate Abilities, Weirdness & Mutations

You are resistant to damage.
You can heal yourself by infusing magical energy.
You passively map the area around you.
You do not regenerate.


   Skills:
 - Level 2.6 Fighting
 * Level 12.1 Axes
 - Level 3.2 Armour
 + Level 9.3 Shields
 + Level 1.1 Invocations


You had 8 spell levels left.
You didn't know any spells.
Your spell library contained the following spells:

 Spells                   Type           Power        Failure   Level  Hunger
 Beastly Appendage        Tmut           #.....       99%         1    ##.....
 Corona                   Hex            #......      99%         1    ##.....
 Ensorcelled Hibernation  Hex/Ice        #.....       100%        2    ###....
 Sticks to Snakes         Tmut           #.......     100%        2    ###....
 Confuse                  Hex            #.......     100%        3    ####...
 Dazzling Spray           Conj/Hex       #.....       100%        3    ####...
 Spider Form              Tmut/Pois      #.........   100%        3    ####...
 Tukima's Dance           Hex            #.......     100%        3    ####...
 Ice Form                 Ice/Tmut       #.......     100%        4    #####..
 Blade Hands              Tmut           #.........   100%        5    ######.

Inventory:

Hand Weapons
 a - a +1 war axe (weapon)
 g - a +0 morningstar
 m - a +0 broad axe
Armour
 c - a +1 shield (worn)
 l - a scarf of repulsion (worn)
 r - a +0 chain mail (worn)
 v - a scarf of cloud immunity
Jewellery
 M - a ring of protection from magic (left hand)
Wands
 n - a wand of acid (1)
 o - a wand of disintegration (11)
 w - a wand of polymorph (13)
 x - a wand of flame (30)
 z - a wand of digging (6)
Scrolls
 i - 3 scrolls of teleportation {@r4}
 j - 7 scrolls of remove curse {@r2}
 q - 3 scrolls of enchant weapon
 t - 2 scrolls of enchant armour
 A - a scroll of fog
Potions
 b - a potion of agility
 d - a potion of might
 e - 2 potions of resistance
 h - a potion of heal wounds {@q2}
 k - 4 potions of mutation {!q}
 p - 3 potions of flight
 s - a potion of cancellation
 u - a potion of curing {unknown}
 B - a potion of berserk rage {unknown}
Comestibles
 f - 8 rations {@e1}
 C - 4 chunks of flesh

Dungeon Overview and Level Annotations

Branches:
Dungeon (9/15)             Temple (0/1) D:5            Lair (0/6) D:8
    Orc: D:9-12

Altars:
Dithmenos
Fedhas
Kikubaaqudgha
Makhleb
Okawaru
Ru
Trog
Vehumet
Xom
Yredelemnul
The Shining One

Annotations:
D:5 exclusions: orc wizard and 4 more exclusions
D:6 2 transporters, quaternion's ghost, novice TeAE
D:9 3 runed translucent doors, tmcgee265's ghost, novice OpMo

##.....## *#.#.#
#.......## ##.#.#
.........####....#
.................#
.........####....#
#.......## ##.#.#
##.....## ###.#
##...## ##l##
##.## ##.@.## #.#
##.....## #.#
#.......# ##.##
##.....## ##...##
##...##
#.....#########.##
##...###......#.#
##.## #.####.#.#
####.####.#......#


You could see a komodo dragon.


Message History

Things that are here:
a +0 trident; a +0 chain mail; an orc skeleton
Things that are here:
a +0 trident; a +0 chain mail; an orc skeleton
There is an open door here.
There is an open door here.
Things that are here:
a +0 leather armour; a +0 falchion; an orc skeleton
Things that are here:
a cursed +0 hand axe; an orc skeleton
Things that are here:
a +0 robe; a +0 dagger You see here a cursed amulet of inaccuracy.
The komodo dragon is too close now for your liking.
You feel very mighty all of a sudden.
Use which ability? (? or * to list)
You feel much better.
You slash the komodo dragon!
The komodo dragon is lightly wounded.
The komodo dragon bites you but does no damage.
You hit the komodo dragon.
The komodo dragon is lightly wounded.
The komodo dragon bites you!!
* * * LOW HITPOINT WARNING * * *
You slice the komodo dragon!!
The komodo dragon is severely wounded.
The komodo dragon bites you!!
* * * LOW HITPOINT WARNING * * *
You feel much better. The komodo dragon bites you!!
You die...

Skill      XL: |  1  2  3  4  5  6  7  8  9 |
---------------+----------------------------+-----
Axes           | 3 4 6 7 8 10 12 | 12.1
Shields        | 4 5 6 8 9 |  9.3
Invocations    | 1 |  1.1
Fighting       | |  2.6
Armour         | |  3.2

Action                   |  1- 3 |  4- 6 |  7- 9 || total
-------------------------+-------+-------+-------++-------
Melee: War axe           |   153 |   251 |   392 ||   796
 Abil: Heal Wounds       |       |     4 |     5 ||     9
Evoke: Wand              |       |     3 |     4 ||     7
  Use: Scroll            |     5 |     6 |     7 ||    18
       Potion            |       |       |     4 ||     4
  Eat: Chunk             |       |     7 |    13 ||    20
Armor: Scale mail        |    89 |    77 |       ||   166
       Chain mail        |       |    18 |   135 ||   153
Dodge: Dodged            |    43 |    55 |    47 ||   145
Block: Shield            |   104 |   142 |   163 ||   409

Levels and vault maps discovered:
D:1:      evilmike_arrival_hilbert_curve, layout_rooms,
          minmay_shallow_snake_nest
D:2:      layout_basic, yredelemnul_altar_generic
D:3:      layout_basic, lemuel_crystal_altar, old_standard_altar,
          makhleb_grotto_becter, serial_rivers, chequers_serial_rivers_small_a,
          chequers_serial_rivers_room_b, chequers_serial_rivers_micro_c,
          chequers_serial_rivers_room_a, chequers_serial_rivers_marsh,
          chequers_serial_rivers_micro_b
D:4:      layout_cave_pools, gammafunk_temple_overflow_statue,
          minmay_misc_feat_ornament, kennysheep_doodads
D:5:      layout_loops_corners, tgw_sif, minmay_temple_entry_gardened_gates,
          first_ration, minmay_hedge_maze, uniq_sigmund
D:6:      layout_rooms, grunt_dithmenos_smoke_and_mirrors,
          nicolae_ru_awakened_eye, gammafunk_ghost_smash,
          trog_three_pillars_becter, uniq_pikel
D:7:      layout_rooms, tso_metal_star, kiku_gazebo_garden_becter
D:8:      minmay_razor_zed, layout_loops_corners, david_lair_shrubbed
D:9:      layout_small_grid, grunt_temple_overflow_gold_and_silver,
          lemuel_coloured_pillars_altar, old_standard_altar, gammafunk_ghost_icy

Notes
Turn   | Place    | Note
-------+----------+-------------------------------------------
     0 | D:1      | dingleboss the Deep Dwarf Fighter began the quest for the
                  | Orb.
     0 | D:1      | Reached XP level 1. HP: 20/20 MP: 1/1
    76 | D:1      | Reached XP level 2. HP: 21/27 MP: 2/2
    91 | D:1      | Reached skill level 3 in Axes
   407 | D:1      | Reached XP level 3. HP: 20/33 MP: 3/3
   838 | D:2      | Reached skill level 4 in Axes
   838 | D:2      | Reached skill level 4 in Shields
   896 | D:2      | Reached XP level 4. HP: 22/40 MP: 4/4
   901 | D:2      | Found a basalt altar of Yredelemnul.
  1382 | D:3      | Found a blossoming altar of Fedhas.
  1399 | D:3      | Reached XP level 5. HP: 31/46 MP: 5/5
  1572 | D:3      | Reached skill level 5 in Axes
  1854 | D:3      | Found an iron altar of Okawaru.
  1952 | D:3      | Found a burning altar of Makhleb.
  1964 | D:3      | Became a worshipper of Makhleb the Destroyer
  2402 | D:4      | Noticed an ogre
  2405 | D:4      | Killed an ogre
  2405 | D:4      | Reached skill level 6 in Axes
  2405 | D:4      | Reached skill level 5 in Shields
  2405 | D:4      | Reached XP level 6. HP: 46/55 MP: 6/6
  2785 | D:4      | Reached skill level 7 in Axes
  2785 | D:4      | Reached XP level 7. HP: 46/61 MP: 7/7
  2879 | D:4      | Found a shimmering altar of Xom.
  2880 | D:4      | Found a radiant altar of Vehumet.
  2984 | D:4      | Identified a potion of resistance
  3021 | D:5      | Entered Level 5 of the Dungeon
  3145 | D:5      | Reached skill level 6 in Shields
  3308 | D:5      | Reached * piety under Makhleb
  3545 | D:5      | Reached skill level 8 in Axes
  3667 | D:5      | Found a staircase to the Ecumenical Temple.
  3732 | D:5      | Noticed Sigmund
  3739 | D:5      | Killed Sigmund
  3739 | D:5      | Reached XP level 8. HP: 39/68 MP: 8/8
  4072 | D:5      | Reached skill level 9 in Axes
  4083 | D:5      | Reached skill level 7 in Shields
  4181 | D:6      | Found a shadowy altar of Dithmenos.
  4402 | D:6      | Found a bloodstained altar of Trog.
  4402 | D:6      | Noticed Pikel
  4419 | D:6      | Killed Pikel
  4419 | D:6      | Reached skill level 10 in Axes
  4419 | D:6      | Reached skill level 8 in Shields
  4432 | D:6      | Found a sacrificial altar of Ru.
  4454 | D:6      | Found a transporter.
  4458 | D:6      | Noticed quaternion's ghost (novice TeAE)
  4460 | D:6      | Identified the +3 great mace "Venek" {speed, rElec rF+
                  | Dex+4 SInv}
  4460 | D:6      | Noticed a two-headed ogre
  4466 | D:6      | Found a transporter.
  4874 | D:7      | Gained mutation: You passively map the area around you.
                  | [Deep Dwarf growth]
  4874 | D:7      | Reached XP level 9. HP: 26/74 MP: 9/9
  4944 | D:7      | Found an ancient bone altar of Kikubaaqudgha.
  4997 | D:7      | Found a glowing golden altar of the Shining One.
  5353 | D:8      | Reached skill level 11 in Axes
  5776 | D:8      | Found a staircase to the Lair.
  5777 | D:8      | Noticed a komodo dragon
  6137 | D:8      | Reached skill level 9 in Shields
  6355 | D:9      | Reached ** piety under Makhleb
  6403 | D:9      | Reached skill level 12 in Axes
  6428 | D:9      | Found a runed translucent gate.
  6428 | D:9      | Found a runed translucent gate.
  6428 | D:9      | Found a runed translucent gate.
  6458 | D:9      | Noticed tmcgee265's ghost (novice OpMo)
  6591 | D:8      | Reached skill level 1 in Invocations
  6734 | D:8      | Slain by a komodo dragon

Vanquished Creatures
  Pikel (D:6)
  Sigmund (D:5)
  An orc warrior (D:8)
  An ice beast (D:5)
  2 phantoms
  2 slaves (D:6)
  5 sky beasts
  A necrophage (D:7)
  2 ogres
  2 centaurs
  3 bullfrogs
  A scorpion (D:8)
  A jelly (D:8)
  A killer bee (D:8)
  4 howler monkeys
  3 crimson imps
  A quasit (D:8)
  3 orc priests
  A bullfrog zombie (D:5)
  5 orc wizards
  4 hounds
  An iguana (D:8)
  6 worker ants
  A hound skeleton (D:8)
  A worker ant zombie (D:8)
  3 gnolls (D:3)
  9 adders
  A shadow imp (D:9)
  3 oozes
  2 adder zombies (D:6)
  An adder skeleton (D:4)
  A worm (D:2)
  4 dart slugs
  5 leopard geckos
  18 orcs
  7 bats
  3 giant cockroaches
  8 goblins
  12 hobgoblins
  7 jackals
  7 kobolds
  2 quokkas
  4 ball pythons
  9 frilled lizards
  2 quokka skeletons (D:5)
  A quokka zombie (D:5)
  7 rats
170 creatures vanquished.

Vanquished Creatures (others)
  A bullfrog (D:6)
  A jelly (D:6)
  An orc wizard (D:5)
  5 plants (D:8)
8 creatures vanquished.

Grand Total: 178 creatures vanquished

Table legend:
 A = Turns spent in this place as a percentage of turns spent in the entire game.
 B = Non-inter-level travel turns spent in this place as a percentage of non-inter-level travel turns spent in the entire game.
 C = Inter-level travel turns spent in this place as a percentage of turns spent in this place.
 D = Turns resting spent in this place as a percentage of non-inter-level travel turns spent in this place.
 E = Turns spent auto-exploring this place as a percentage of non-inter-level travel turns spent in this place.
 F = Non-inter-level travel turns spent in this place divided by the number of levels of this place that you've seen.
                   A       B       C       D       E      F
               +-------+-------+-------+-------+-------+----------------------
         Total | 100.0 | 100.0 |   6.7 |   1.6 |  58.5 | 697.9
       Dungeon | 100.0 | 100.0 |   6.7 |   1.6 |  58.5 | 697.9
               +-------+-------+-------+-------+-------+----------------------

Table legend:
 A = Non-vault XP
 B = Vault XP
 C = Vault XP percentage of total XP
 D = Non-vault monster count
 E = Vault monster count
 F = Vault count percentage of total count
                 A         B        C        D         E       F
            +---------+---------+-------+---------+---------+-------
      Total |    3293 |    1426 |  30.2 |     159 |      10 |   5.9
            +---------+---------+-------+---------+---------+-------
        D:1 |      66 |       1 |   1.5 |      35 |       1 |   2.8
        D:2 |      77 |       0 |   0.0 |      22 |       0 |   0.0
        D:3 |     154 |      46 |  23.0 |      27 |       1 |   3.6
        D:4 |     448 |       0 |   0.0 |      17 |       0 |   0.0
        D:5 |     698 |     212 |  23.3 |      24 |       1 |   4.0
        D:6 |     398 |     651 |  62.1 |       7 |       1 |  12.5
        D:7 |     434 |       0 |   0.0 |       7 |       0 |   0.0
        D:8 |     692 |     516 |  42.7 |      16 |       6 |  27.3
        D:9 |     326 |       0 |   0.0 |       4 |       0 |   0.0
            +---------+---------+-------+---------+---------+-------
